 Dungeon Sprint DCSS version 0.29-a0-824-gd827844252 (webtiles) character file.

Game seed: 7713159947369780355

0 shadowstone the Covered (level 1, -4/14 HPs)
             Began as a Gargoyle Fighter on July 10, 2022.
             Slain by Sigmund
             ... wielding a +0 scythe
              (6 damage)
             ... in the Dungeon (Sprint VI: "Thunderdome").
             The game lasted 00:00:34 (41 turns).

shadowstone the Covered (Gargoyle Fighter)            Turns: 41, Time: 00:00:35

Health: -4/14      AC:  9    Str: 19    XL:     1   Next: 20%
Magic:  1/1        EV:  9    Int:  8    God:
Gold:   200        SH:  4    Dex:  9    Spells: 0/0 levels left

rFire   . . .      SeeInvis .   a - +0 long sword
rCold   . . .      Faith    .   c - +0 buckler
rNeg    + . .      Spirit   .   b - +0 scale mail
rPois   ∞          Reflect  .   (no helmet)
rElec   +          Harm     .   (no cloak)
rCorr   .          Rampage  .   (no gloves)
Will    .....      NoTele   +   (no boots)
Stlth   ..........              (no amulet)
HPRegen 0.04/turn               (no ring)
MPRegen 0.07/turn               (no ring)

@: no status effects
A: sickness immunity, AC +2, negative energy resistance 1, electricity
resistance, torment resistance 1, petrification resistance
a: no special abilities


You were in the Dungeon.
You visited 1 branch You collected 200 gold pieces.

Inventory:

Hand Weapons
 a - a +0 long sword (weapon)
Armour
 b - a +0 scale mail (worn)
 c - a +0 buckler (worn)
Wands
 l - a wand of light (5)
 m - a wand of roots (5)
Scrolls
 j - 4 scrolls of blinking
 n - 3 scrolls of fog
Potions
 d - a potion of might
 e - a potion of curing
 f - 4 potions of heal wounds
 g - 4 potions of haste
 h - 2 potions of magic
 i - a potion of berserk rage
 k - a potion of resistance


   Skills:
 + Level 3.5 Fighting
 + Level 1.9 Long Blades
 + Level 3.5 Armour
 + Level 3.5 Shields


You couldn't memorise any spells.
You didn't know any spells.
Your spell library was empty.

Dungeon Overview and Level Annotations

Branches:
Dungeon (1/1)

Altars:
Cheibriados
Dithmenos
Gozag
Makhleb
Vehumet
Wu Jian
Xom
Yredelemnul
Zin

Shops:
D *[?

Annotations:
D Sigmund


Innate Abilities, Weirdness & Mutations

You are immune to sickness and miasma.
Your stone body is resilient. (AC +2)
You are immune to poison.
You resist negative energy. (rN+)
You are resistant to electric shocks. (rElec)
You are resistant to unholy torment.
You are immune to petrification.


Message History

You block the jackal's attack.
You closely miss the jackal. Sigmund closely misses you.
The jackal bites you but does no damage. x2
You hit the jackal.
The jackal is severely wounded.
You block Sigmund's attack. The jackal barely misses you.
You hit the jackal.
The jackal is almost dead.
The jackal barely misses you. Sigmund gestures at you while chanting.
The magic dart hits you. The jackal bites you. Sigmund barely misses you.
The jackal bites you but does no damage.
You hit the jackal.
You kill the jackal!
Sigmund barely misses you.
You see here a jackal corpse.
Sigmund smiles chillingly.
You block Sigmund's attack. Sigmund hits you but does no damage.
You hit Sigmund.
Sigmund is moderately wounded.
You barely miss Sigmund.
Sigmund is moderately wounded.
Sigmund casts a spell at you.
You are confused.
Sigmund hits you with a +0 scythe.
You barely miss Sigmund.
Sigmund is moderately wounded.
Sigmund gestures wildly while chanting.
Sigmund flickers and vanishes!
Deactivating autopickup; reactivate with Ctrl-A.
You completely miss something. Something hits you!
Ouch! That really hurt!
* * * LOW HITPOINT WARNING * * *
You see here a jackal corpse.
Something hits you but does no damage.
You feel less confused. Something completely misses you.
You barely miss something. Something hits you.
You die...

.. ... .... .._# ###....
...### #⌠..... ....⌠#
######.8.... ...8.##
##.___......# ......_
###∩........8.# .8.....
##......@......###.......
#⌠....†.....###...#
#⌠..........# #.<.#
#⌠..........###...#
##.............###.....
###∩........8.# .8...
##∩.__......# ......
######.8.........8.#
#⌠...........⌠#


There were no monsters in sight!

Vanquished Creatures
  A jackal (D)
1 creature vanquished.

Notes
Turn   | Place    | Note
-------+----------+-------------------------------------------
     0 | D        | shadowstone the Gargoyle Fighter began the quest for the
                  | Orb.
     0 | D        | Reached XP level 1. HP: 14/14 MP: 1/1
     1 | D        | Found a glowing silver altar of Zin.
     1 | D        | Found a shimmering altar of Xom.
     5 | D        | Found a shadowy altar of Dithmenos.
     5 | D        | Found an ornate altar of the Wu Jian Council.
     5 | D        | Round 1.
     6 | D        | Found a snail-covered altar of Cheibriados.
     6 | D        | Found a burning altar of Makhleb.
     7 | D        | Found a basalt altar of Yredelemnul.
     8 | D        | Found Xeeras's Identification Station.
     8 | D        | Found a radiant altar of Vehumet.
     8 | D        | Found an opulent altar of Gozag.
     9 | D        | Found Weuxygui's Advanced Armour.
     9 | D        | Found Caukeq Nott's Jewellery.
    11 | D        | Noticed Sigmund
    41 | D        | Slain by Sigmund

Illustrated notes

Levels and vault maps discovered:
D:        arena_sprint

Action                   || total
-------------------------++-------
Melee: Long sword        ||    16
Armor: Scale mail        ||    13
Dodge: Dodged            ||    18
Block: Buckler           ||     3

Table legend: (Time is in decaauts)
 A = Elapsed time spent in this place.
 B = Non-inter-level travel time spent in this place.
 C = Inter-level travel time spent in this place.
 D = Time resting spent in this place.
 E = Time spent auto-exploring this place.
 F = Levels seen in this place.
 G = Mean time per level.
                   A        B        C        D        E       F      G
               +--------+--------+--------+--------+--------+-----+--------+
         Total |     46 |     42 |      4 |      0 |      0 |   1 |   46.0 |
       Dungeon |     46 |     42 |      4 |      0 |      0 |   1 |   46.0 |
               +--------+--------+--------+--------+--------+-----+--------+

Top non-repeatable levels by time:
       D: 46 daAuts
